 Dungeon Crawl Stone Soup version 0.27.1-2-g3b301248ec (webtiles) character file.

Game seed: 17981305559809714447

218 Descartes the Magician (level 5, 0/31 HPs)
             Began as a Deep Elf Fighter on Oct 1, 2021.
             Slain by a jackal (2 damage)
             ... on level 4 of the Dungeon.
             The game lasted 00:05:09 (3138 turns).

Descartes the Magician (Deep Elf Fighter)           Turns: 3138, Time: 00:05:09

Health: 0/31       AC: 10    Str: 12 (13) XL:     5   Next: 63%
Magic:  13/14      EV:  6    Int: 13 (14) God:
Gold:   93         SH:  8    Dex: 12 (14) Spells: 14/14 levels left

rFire    . . .     SeeInvis .   a - +0 rapier
rCold    . . .     Faith    .   c - +0 kite shield
rNeg     . . .     Spirit   .   b - +0 scale mail
rPois    .         Reflect  .   i - +0 helmet
rElec    .         Harm     .   (no cloak)
rCorr    .         Rampage  .   (no gloves)
Will     .....                  r - +2 pair of boots
Stlth    ..........             (no amulet)
HPRegen  0.10/turn              (no ring)
MPRegen  0.14/turn              (no ring)

@: no status effects
A: no striking features
a: no special abilities


You were on level 4 of the Dungeon.
You visited 1 branch of the dungeon, and saw 4 of its levels.

You collected 93 gold pieces.

Inventory:

Hand Weapons
 a - a +0 rapier (weapon)
 e - a +2 hand axe of freezing
 w - a +0 hunting sling
Missiles
 g - 106 stones (quivered)
 o - 5 curare-tipped darts
Armour
 b - a +0 scale mail (worn)
 c - a +0 kite shield (worn)
 i - a +0 helmet (worn)
 r - a +2 pair of boots (worn)
Magical Staves
 k - a staff of conjuration
Jewellery
 p - a ring of poison resistance
 t - a ring of willpower
Wands
 u - a wand of paralysis (12)
Scrolls
 f - 2 scrolls of identify {unknown}
 j - a scroll of fog {unknown}
 m - 2 scrolls of magic mapping {unknown}
 n - 2 scrolls of teleportation {unknown}
 q - 3 scrolls of amnesia {unknown}
 s - a scroll of blinking {unknown}
Potions
 d - 2 potions of might
 h - a potion of degeneration
 l - 2 potions of flight {unknown}
 v - 3 potions of curing {unknown}


   Skills:
 - Level 2.4 Fighting
 - Level 2.0 Short Blades
 - Level 2.4 Armour
 + Level 4.1 Shields
 - Level 5.0 Spellcasting


You had 14 spell levels left.
You didn't know any spells.
Your spell library contained the following spells:

 Spells                   Type           Power      Damage    Failure   Level
 Sublimation of Blood     Necr           1%         N/A       99%         2
 Wereblood                Tmut           3%         N/A       99%         2
 Summon Hydra             Summ           1%         N/A       100%        7


Dungeon Overview and Level Annotations

Branches:
Dungeon (4/15)
 Temple: D:4-7

Altars:


Message History

You hit the centaur but do no damage.
The centaur is almost dead.
The centaur hits you but does no damage.
The centaur kicks you but does no damage.
The centaur hits you.
* * * LOW HITPOINT WARNING * * *
The centaur barely misses you.
You hit the centaur.
The centaur is almost dead.
The centaur hits you but does no damage.
The centaur kicks you but does no damage.
The centaur hits you but does no damage.
The centaur kicks you but does no damage.
The centaur wields a +0 shortbow.
The centaur shoots an arrow.
The arrow hits you but does no damage.
The centaur unwields a +0 shortbow.
The centaur hits you but does no damage.
You block the centaur's attack.
You puncture the centaur!
You kill the centaur!
The jackal bites you but does no damage.
You feel your intelligence returning.
Training target 5.0 for Spellcasting reached!
Your Shields skill increases to level 4!
Your Spellcasting skill increases to level 5!
You closely miss the jackal.
The jackal bites you but does no damage.
The jackal barely misses you.
You closely miss the jackal. The jackal barely misses you.
You block the jackal's attack.
You hit the jackal.
The jackal is heavily wounded.
You block the jackal's attack. The jackal bites you.
* * * LOW HITPOINT WARNING * * *
You closely miss the jackal.
The jackal is heavily wounded.
The jackal bites you.
* * * LOW HITPOINT WARNING * * *
The jackal bites you.
You die...

#............#.##.#
#.....##.###.###..#
#.....#..##..####..
##.........#........
#............#...#.#
#................###
#..............###
#Kh##.......#.######
###@........#......#
#................#..
#....#.#...[.#.###
#...####...###.#
##...# #...# ##
##.## #...# #.#
##.## ### ###


You could see a jackal and a kobold.

Vanquished Creatures
  A centaur (D:4)
  A scorpion (D:2)
  An orc wizard (D:3)
  An adder (D:4)
  A dart slug (D:1)
  3 orcs
  5 ball pythons
  4 endoplasms
  5 giant cockroaches
  8 hobgoblins
  2 jackals (D:4)
  2 kobolds
  A quokka (D:1)
  A bat (D:2)
  2 frilled lizards (D:1)
  2 goblins (D:1)
  3 rats (D:1)
43 creatures vanquished.

Vanquished Creatures (others)
  5 plants (D:1)
5 creatures vanquished.

Grand Total: 48 creatures vanquished

Notes
Turn   | Place    | Note
-------+----------+-------------------------------------------
     0 | D:1      | Descartes the Deep Elf Fighter began the quest for the Orb.
     0 | D:1      | Reached XP level 1. HP: 13/13 MP: 3/3
   123 | D:1      | Reached skill level 1 in Spellcasting
   131 | D:1      | Reached XP level 2. HP: 17/18 MP: 4/6
   249 | D:1      | Reached skill level 2 in Spellcasting
   629 | D:1      | Found a faded altar of an unknown god.
   965 | D:2      | Reached XP level 3. HP: 22/22 MP: 8/8
  1418 | D:3      | Noticed a scorpion
  1434 | D:3      | HP: 1/22 [scorpion (2)]
  1444 | D:2      | Killed a scorpion
  1444 | D:2      | HP: 1/22 [poisoned by a scorpion]
  1445 | D:2      | Reached skill level 3 in Spellcasting
  1445 | D:2      | Reached XP level 4. HP: 1/27 MP: 8/11
  1510 | D:3      | Reached skill level 4 in Spellcasting
  2562 | D:4      | Noticed a scorpion
  3090 | D:4      | Noticed a centaur
  3102 | D:4      | Reached XP level 5. HP: 29/31 MP: 13/13
  3134 | D:4      | Killed a centaur
  3135 | D:4      | Reached skill level 5 in Spellcasting
  3138 | D:4      | Slain by a jackal

Illustrated notes

Levels and vault maps discovered:
D:1:      saegor_arrival_simple_a, layout_basic,
          dilly_ecumenical_altar_fadedgnrine
D:2:      layout_basic
D:3:      layout_rooms
D:4:      layout_cave_pools, tgw_sif, gammafunk_temple_overflow_claw,
          minmay_temple_entry_enclosed_plants, minmay_manual_monstrance

Skill      XL: |  1  2  3  4  5 |
---------------+----------------+-----
Spellcasting   | 1 2 3 4 5 |  5.0
Shields        | 3 4 |  4.1
Fighting       | |  2.4
Short Blades   | |  2.0
Armour         | |  2.4

Action                   |  1- 3 |  4- 6 || total
-------------------------+-------+-------++-------
Melee: Rapier            |   112 |    98 ||   210
  Use: Potion            |     1 |     2 ||     3
Armor: Scale mail        |    35 |    92 ||   127
Dodge: Dodged            |    27 |    48 ||    75
Block: Kite shield       |    41 |    71 ||   112
